[Event "5th EKA IIFL Investment 2019"]
[Site "Mumbai"]
[Date "2020.01.02"]
[Round "4.61"]
[White "Pandey Srishti"]
[Black "Iasman, Inna"]
[Result "1-0"]
[ECO "B18"]
[WhiteElo "2162"]
[BlackElo "1756"]
[Annotator "ChessBase"]
[PlyCount "73"]
[EventDate "2019.12.30"]
[EventType "swiss"]
[EventCountry "IND"]
[SourceTitle "playchess.com"]
[Source "ChessBase"]
[SourceQuality "1"]
[TimeControl "40/5400+30:1800+30"]

1. e4 c6 2. d4 d5 3. Nd2 dxe4 4. Nxe4 Bf5 5. Ng3 Bg6 6. h4 h6 7. Nh3 Nf6 8. Nf4 Bh7 9. Bc4 e6 10. c3 Nbd7 11. O-O Nb6 12. Bb3 Nbd5 13. Nxd5 cxd5 14. Nh5 a6 15. Re1 Nxh5 16. Qxh5 Be7 17. Rxe6 O-O 18. Re5 Bxh4 19. Rxd5 Qf6 20. g3 Bxg3 21. fxg3 Bd3 22. Bf4 Bg6 23. Qh4 Qc6 24. Re1 Kh7 25. Rd6 Qb5 26. Rd5 Qd3 27. Rde5 Rad8 28. Qh2 Qf3 29. Qe2 Qc6 30. d5 Qf6 31. Re7 Qf5 32. Bc7 Rc8 33. d6 Qc5+ 34. Qe3 Qc6 35. Bd1 Bf5 36. Bf3 Qb5 37. Re5 1-0

[Event "5th EKA IIFL Investment 2019"]
[Site "Mumbai"]
[Date "2020.01.02"]
[Round "4.62"]
[White "Ghelani Dhairya"]
[Black "Soham Datar"]
[Result "1/2-1/2"]
[ECO "A50"]
[WhiteElo "2027"]
[BlackElo "2145"]
[Annotator "ChessBase"]
[PlyCount "98"]
[EventDate "2019.12.30"]
[EventType "swiss"]
[EventCountry "IND"]
[SourceTitle "playchess.com"]
[Source "ChessBase"]
[SourceQuality "1"]
[TimeControl "40/5400+30:1800+30"]

1. d4 Nf6 2. c4 c6 3. Nc3 d5 4. cxd5 cxd5 5. Bf4 Nc6 6. e3 a6 7. Bd3 Bg4 8. Nge2 e6 9. O-O Be7 10. f3 Bh5 11. Na4 O-O 12. Nc5 Bxc5 13. dxc5 e5 14. Bg5 Bg6 15. Bxg6 hxg6 16. Qb3 Qd7 17. Rad1 Rfd8 18. Nc3 Ne7 19. Bxf6 gxf6 20. Nxd5 Nxd5 21. e4 Qc7 22. Rxd5 Rxd5 23. Qxd5 Rd8 24. Qc4 Rd2 25. Rf2 Rd1+ 26. Rf1 Rd2 27. Rf2 Rd1+ 28. Rf1 Rd2 29. Qc3 Qd7 30. Rf2 Rd3 31. Qc4 Rd1+ 32. Rf1 Rd4 33. Qc3 Qa4 34. a3 Qb5 35. b4 Rd3 36. Qb2 Qa4 37. Ra1 Rb3 38. Qc1 a5 39. Rb1 Rxa3 40. bxa5 Qd4+ 41. Kh1 Rxa5 42. c6 bxc6 43. Qxc6 Ra1 44. Qc1 Rxb1 45. Qxb1 Kg7 46. h3 Qd2 47. Qb5 Qc1+ 48. Kh2 Qf4+ 49. Kg1 Qc1+ 1/2-1/2

[Event "5th EKA IIFL Investment 2019"]
[Site "Mumbai"]
[Date "2020.01.03"]
[Round "5.5"]
[White "Mendonca, Leon Luke"]
[Black "Mirzoev, Azer"]
[Result "1/2-1/2"]
[ECO "D24"]
[WhiteElo "2398"]
[BlackElo "2457"]
[Annotator "RC"]
[PlyCount "69"]
[EventDate "2019.12.30"]
[EventType "swiss"]
[EventCountry "IND"]
[SourceTitle "playchess.com"]
[Source "ChessBase"]
[SourceQuality "1"]
[TimeControl "40/5400+30:1800+30"]

1. d4 d5 2. c4 dxc4 3. Nf3 Nf6 4. Nc3 a6 5. e4 b5 6. e5 Nd5 7. a4 e6 8. axb5 Nb6 9. Be2 Be7 10. O-O O-O 11. Qd2 Bb7 12. Qf4 axb5 13. Rxa8 Bxa8 14. Nxb5 N8d7 15. Rd1 Re8 16. Ng5 Bxg5 17. Qxg5 Qxg5 18. Bxg5 Rc8 19. Ra1 h6 20. Be3 Bc6 21. Nc3 Rb8 22. Bc1 Nf8 23. Ra7 Nd5 24. Ra3 Nb6 25. Ra7 Nd5 26. Ra3 Nb6 27. f3 Ng6 28. Ra7 Rc8 29. Kf2 Ne7 30. g4 Be8 31. Be3 Nc6 32. Rb7 Na5 33. Ra7 Nc6 34. Rb7 Na5 35. Ra7 1/2-1/2

[Event "5th EKA IIFL Investment 2019"]
[Site "Mumbai"]
[Date "2020.01.03"]
[Round "5.7"]
[White "Neelash Saha"]
[Black "Gupta, Abhijeet"]
[Result "0-1"]
[ECO "D70"]
[WhiteElo "2356"]
[BlackElo "2611"]
[Annotator "RC"]
[PlyCount "76"]
[EventDate "2019.12.30"]
[EventType "swiss"]
[EventCountry "IND"]
[SourceTitle "playchess.com"]
[Source "ChessBase"]
[SourceQuality "1"]
[TimeControl "40/5400+30:1800+30"]

1. d4 Nf6 2. c4 g6 3. Nf3 Bg7 4. e3 O-O 5. Be2 c5 6. dxc5 Na6 7. Nc3 Nxc5 8. O-O b6 9. Nd2 Bb7 10. Rb1 Rc8 11. b4 Nce4 12. Bb2 Nxc3 13. Bxc3 d5 14. Bf3 Ba8 15. Qe2 dxc4 16. Bxa8 Rxa8 17. Nxc4 Rc8 18. Rbc1 Qd5 19. Bd4 Qb5 20. a3 Rc7 21. Qd3 Rfc8 22. Ne5 Qxd3 23. Nxd3 Ne4 24. Rxc7 Rxc7 25. Bxg7 Kxg7 26. Rc1 Rxc1+ 27. Nxc1 Kf6 28. Kf1 Nc3 29. Ke1 Ke6 30. Ne2 Nb1 31. Nd4+ Kd5 32. Nb5 a6 33. Nc7+ Kc6 34. Nxa6 Nxa3 35. Nb8+ Kd6 36. b5 Nxb5 37. Na6 Nc3 38. f3 Na2 0-1

[Event "5th EKA IIFL Investment 2019"]
[Site "Mumbai"]
[Date "2020.01.03"]
[Round "5.10"]
[White "Nigmatov, Ortik"]
[Black "Nitin, S.."]
[Result "0-1"]
[ECO "B23"]
[WhiteElo "2474"]
[BlackElo "2329"]
[Annotator "ChessBase"]
[PlyCount "83"]
[EventDate "2019.12.30"]
[EventType "swiss"]
[EventCountry "IND"]
[SourceTitle "playchess.com"]
[Source "ChessBase"]
[SourceQuality "1"]
[TimeControl "40/5400+30:1800+30"]

1. e4 c5 2. Nc3 e6 3. g3 Nc6 4. Bg2 g6 5. d3 Bg7 6. f4 d6 7. Be3 Nge7 8. Nf3 Nd4 9. O-O O-O 10. Qd2 Rb8 11. g4 f5 12. gxf5 exf5 13. Rae1 b5 14. Bxd4 cxd4 15. Nd5 fxe4 16. Nxe7+ Qxe7 17. dxe4 Qf6 18. e5 Qxf4 19. Qxf4 Rxf4 20. exd6 Bf5 21. Ng5 Rxf1+ 22. Rxf1 Bh6 23. Bd5+ Kg7 24. Nf7 Be3+ 25. Kg2 Rf8 26. Rxf5 gxf5 27. d7 d3 28. cxd3 Bb6 29. Nd6 Kf6 30. Nxb5 Ke7 31. Kf3 Kxd7 32. b3 Re8 33. Bc4 Re1 34. Nc3 Kd6 35. Ne2 Rf1+ 36. Kg3 Be3 37. d4 Rf2 38. h3 h5 39. Kh4 Rg2 40. Kxh5 Bd2 41. d5 Ke5 42. d6 0-1

[Event "5th EKA IIFL Investment 2019"]
[Site "Mumbai"]
[Date "2020.01.03"]
[Round "5.11"]
[White "Neverov, Valeriy"]
[Black "Srijit, Paul"]
[Result "1/2-1/2"]
[ECO "A80"]
[WhiteElo "2460"]
[BlackElo "2318"]
[Annotator "ChessBase"]
[PlyCount "153"]
[EventDate "2019.12.30"]
[EventType "swiss"]
[EventCountry "IND"]
[SourceTitle "playchess.com"]
[Source "ChessBase"]
[SourceQuality "1"]
[TimeControl "40/5400+30:1800+30"]

1. d4 f5 2. Nc3 Nf6 3. Bg5 d5 4. e3 e6 5. Nf3 a6 6. Ne5 Be7 7. Bd3 Nbd7 8. Nxd7 Bxd7 9. Ne2 Bb5 10. O-O Ne4 11. Bf4 O-O 12. b3 Bxd3 13. Qxd3 Bf6 14. f3 Nd6 15. c4 Qe7 16. Rac1 Rad8 17. Bg3 dxc4 18. bxc4 c5 19. a4 e5 20. d5 Bh4 21. Rb1 Bxg3 22. Nxg3 e4 23. fxe4 fxe4 24. Qc3 Rxf1+ 25. Rxf1 Rf8 26. Rxf8+ Qxf8 27. Nh5 Qf7 28. g4 Qe7 29. h3 Qg5 30. Kf2 b6 31. Ke2 Kf7 32. Kd1 Ne8 33. Kd2 Qh4 34. Nf4 Qf2+ 35. Kc1 Nd6 36. Qe5 Qxe3+ 37. Kc2 Qf2+ 38. Kb3 Qe3+ 39. Kc2 Qd2+ 40. Kxd2 Nxc4+ 41. Ke2 Nxe5 42. Ke3 Nd3 43. Ne6 Nb2 44. Kxe4 Nxa4 45. Ke5 c4 46. d6 Nc5 47. Nd4 c3 48. Kd5 Kf6 49. h4 h6 50. g5+ hxg5 51. hxg5+ Kg6 52. Kc6 Kxg5 53. Kxb6 Nd7+ 54. Kxa6 Kf4 55. Kb5 Ke5 56. Kc4 Kxd6 57. Kxc3 Ke5 58. Kd3 Nf6 59. Nc6+ Kf4 60. Ke2 g5 61. Kf2 Ng4+ 62. Kg1 Ne5 63. Nb4 Kf3 64. Nd5 Nd7 65. Ne7 Nf6 66. Nf5 Kf4 67. Nh6 Ne4 68. Kg2 Nd6 69. Kf2 Nc4 70. Kg2 Ne3+ 71. Kf2 Nc4 72. Kg2 Nd6 73. Kf2 Ke5 74. Kf3 Kf6 75. Ng4+ Kg6 76. Ne3 Nf5 77. Nxf5 1/2-1/2

[Event "5th EKA IIFL Investment 2019"]
[Site "Mumbai"]
[Date "2020.01.03"]
[Round "5.13"]
[White "Harshavardhan G B"]
[Black "Abdisalimov, Abdimalik"]
[Result "1-0"]
[ECO "A40"]
[WhiteElo "2344"]
[BlackElo "2394"]
[Annotator "ChessBase"]
[PlyCount "113"]
[EventDate "2019.12.30"]
[EventType "swiss"]
[EventCountry "IND"]
[SourceTitle "playchess.com"]
[Source "ChessBase"]
[SourceQuality "1"]
[TimeControl "40/5400+30:1800+30"]

1. d4 b6 2. c4 Bb7 3. Nc3 e6 4. a3 Nf6 5. d5 Bd6 6. Nf3 O-O 7. g3 exd5 8. cxd5 Re8 9. Bg2 a5 10. O-O Na6 11. b3 c6 12. dxc6 dxc6 13. Bb2 Nc5 14. Qc2 Bf8 15. Rad1 Qc7 16. Nd4 Rad8 17. e4 Ba6 18. Rfe1 Ng4 19. Bf1 Bxf1 20. Rxf1 Ne5 21. Nce2 Ned3 22. Rxd3 Nxd3 23. Qxd3 Qe5 24. Qc3 Qxe4 25. f3 Qe3+ 26. Qxe3 Rxe3 27. Kf2 Ree8 28. Re1 Bc5 29. Rd1 Bf8 30. Re1 Bc5 31. Rd1 Bf8 32. Ke1 c5 33. Nc2 Rxd1+ 34. Kxd1 Rd8+ 35. Ke1 b5 36. a4 c4 37. bxc4 bxa4 38. Ba3 Rd3 39. c5 Rd5 40. c6 Bxa3 41. Nxa3 Kf8 42. Nd4 Rc5 43. Kd2 Ke7 44. Kd3 Kd6 45. Nab5+ Ke7 46. g4 g6 47. h4 h6 48. f4 f5 49. h5 gxh5 50. gxh5 Kf6 51. Nd6 Ke7 52. N6xf5+ Ke8 53. Nd6+ Ke7 54. Nc4 Rxh5 55. f5 a3 56. c7 Kd7 57. Nb5 1-0

[Event "5th EKA IIFL Investment 2019"]
[Site "Mumbai"]
[Date "2020.01.03"]
[Round "5.19"]
[White "Girinath, P.D.S."]
[Black "Shyaamnikhil P"]
[Result "1/2-1/2"]
[ECO "B51"]
[WhiteElo "2330"]
[BlackElo "2455"]
[Annotator "RC"]
[PlyCount "57"]
[EventDate "2019.12.30"]
[EventType "swiss"]
[EventCountry "IND"]
[SourceTitle "playchess.com"]
[Source "ChessBase"]
[SourceQuality "1"]
[TimeControl "40/5400+30:1800+30"]

1. e4 c5 2. Nf3 d6 3. Bb5+ Nd7 4. O-O a6 5. Bxd7+ Bxd7 6. d4 cxd4 7. Qxd4 Bg4 8. Nc3 Rc8 9. Rd1 e5 10. Qa7 Bxf3 11. gxf3 Qd7 12. Nd5 Ne7 13. Nb6 Nc6 14. Nxd7 Nxa7 15. Nxf8 Rxc2 16. Rxd6 Rxf8 17. Rb6 Rc7 18. Be3 Nc8 19. Rb4 f6 20. f4 Rff7 21. fxe5 fxe5 22. Rd1 Rfd7 23. Rxd7 Rxd7 24. Rc4 Nd6 25. Rc5 Nf7 26. Rc1 Nd6 27. Rc5 Nf7 28. Rc1 Nd6 29. Rc5 1/2-1/2

[Event "5th EKA IIFL Investment 2019"]
[Site "Mumbai"]
[Date "2020.01.03"]
[Round "5.20"]
[White "Koustav Chatterjee"]
[Black "Krishnater Kushager"]
[Result "1/2-1/2"]
[ECO "E71"]
[WhiteElo "2447"]
[BlackElo "2308"]
[Annotator "RC"]
[PlyCount "80"]
[EventDate "2019.12.30"]
[EventType "swiss"]
[EventCountry "IND"]
[SourceTitle "playchess.com"]
[Source "ChessBase"]
[SourceQuality "1"]
[TimeControl "40/5400+30:1800+30"]

1. d4 Nf6 2. c4 g6 3. Nc3 Bg7 4. e4 d6 5. h3 O-O 6. Nf3 c6 7. Be2 Na6 8. Be3 e5 9. d5 Nh5 10. g3 cxd5 11. cxd5 f5 12. exf5 gxf5 13. Bg5 Nf6 14. Nd2 h6 15. Bh4 Rb8 16. g4 Qd7 17. Rg1 b5 18. gxf5 Qxf5 19. Bxf6 Qxf6 20. Nce4 Qh4 21. Bg4 Rf4 22. Qe2 Bxg4 23. hxg4 Rc8 24. Kd1 Nc5 25. Rc1 Rcf8 26. Rc3 Qh2 27. Rf1 Nxe4 28. Nxe4 Qg2 29. f3 Rxg4 30. Qxg2 Rxg2 31. Rc2 Rxc2 32. Kxc2 Rc8+ 33. Kb3 a5 34. Rg1 Kh7 35. a4 Rc4 36. axb5 Rb4+ 37. Kc3 Rxb5 38. Kc4 Rb4+ 39. Kc3 Rb5 40. Kc4 Rb4+ 1/2-1/2

[Event "5th EKA IIFL Investment 2019"]
[Site "Mumbai"]
[Date "2020.01.03"]
[Round "5.21"]
[White "Vantika, Agrawal"]
[Black "Rahman, Ziaur"]
[Result "1-0"]
[ECO "D30"]
[WhiteElo "2287"]
[BlackElo "2440"]
[Annotator "ChessBase"]
[PlyCount "158"]
[EventDate "2019.12.30"]
[EventType "swiss"]
[EventCountry "IND"]
[SourceTitle "playchess.com"]
[Source "ChessBase"]
[SourceQuality "1"]
[TimeControl "40/5400+30:1800+30"]

1. d4 d5 2. c4 e6 3. Nf3 Nf6 4. g3 Bb4+ 5. Nbd2 dxc4 6. Bg2 b5 7. O-O a5 8. a3 Be7 9. b3 cxb3 10. Qxb3 c6 11. Ne5 Bb7 12. Bb2 O-O 13. Rfc1 Nd5 14. Ne4 a4 15. Qd1 Nd7 16. Nxd7 Qxd7 17. Nc5 Bxc5 18. dxc5 Rfd8 19. Qc2 Qc7 20. Qe4 Nf6 21. Qh4 e5 22. f4 Re8 23. Bxe5 Qe7 24. Bf3 Rad8 25. g4 Qe6 26. Kh1 Nd7 27. Bc7 Rc8 28. Bd6 Qe3 29. g5 Ba6 30. Qg4 Nf8 31. Be5 Ng6 32. Bd6 Ne7 33. Rg1 Rcd8 34. f5 Bc8 35. Bxe7 Rxe7 36. Rad1 Rf8 37. Qd4 Bxf5 38. Qxe3 Rxe3 39. Bxc6 Rxa3 40. Rgf1 Bc2 41. Rd7 Bb3 42. Bxb5 Be6 43. Rd3 Ra2 44. c6 a3 45. c7 Rc2 46. Bd7 Rxc7 47. Bxe6 fxe6 48. Rxf8+ Kxf8 49. Rxa3 Rc5 50. Rf3+ Kg8 51. g6 hxg6 52. Re3 Kf7 53. Kg2 Rg5+ 54. Kf3 Kf6 55. Ra3 Rf5+ 56. Kg3 g5 57. Ra7 Re5 58. Kf2 g4 59. Rb7 g6 60. Ra7 Kg5 61. Rg7 Kf6 62. Ra7 Rh5 63. Kg2 Kf5 64. Rf7+ Kg5 65. Re7 Kf6 66. Ra7 Rh3 67. Ra4 Kf5 68. Ra7 e5 69. Rf7+ Kg5 70. Rf8 Ra3 71. Rf7 Ra4 72. Rf8 Re4 73. Rf2 Rf4 74. Kg3 Rxf2 75. Kxf2 Kh4 76. Kg2 e4 77. e3 g5 78. Kh1 Kh3 79. Kg1 g3 1-0

[Event "5th EKA IIFL Investment 2019"]
[Site "Mumbai"]
[Date "2020.01.03"]
[Round "5.22"]
[White "Mohammad, Nubairshah Shaikh"]
[Black "Senthil, Maran K"]
[Result "1/2-1/2"]
[ECO "D43"]
[WhiteElo "2421"]
[BlackElo "2305"]
[Annotator "ChessBase"]
[PlyCount "70"]
[EventDate "2019.12.30"]
[EventType "swiss"]
[EventCountry "IND"]
[SourceTitle "playchess.com"]
[Source "ChessBase"]
[SourceQuality "1"]
[TimeControl "40/5400+30:1800+30"]

1. d4 d5 2. c4 c6 3. Nf3 Nf6 4. Nc3 e6 5. Bg5 h6 6. Bh4 Nbd7 7. e3 g5 8. Bg3 Nh5 9. Be5 Nhf6 10. Bd3 Nxe5 11. Nxe5 Bg7 12. Qf3 Qe7 13. h4 Nd7 14. Nxd7 Bxd7 15. hxg5 hxg5 16. Rxh8+ Bxh8 17. cxd5 cxd5 18. O-O-O Rc8 19. Rh1 Bg7 20. Kb1 Qb4 21. a3 Qa5 22. Rh7 Kf8 23. Qg3 Qd8 24. Qd6+ Kg8 25. Rh5 Bf6 26. Ka2 a6 27. Qg3 Qa5 28. Rh6 Rxc3 29. bxc3 Qxc3 30. Qb8+ Bc8 31. Qd6 Qxd3 32. Rxf6 Qc2+ 33. Ka1 Qc1+ 34. Ka2 Qc2+ 35. Ka1 Qc1+ 1/2-1/2

[Event "5th EKA IIFL Investment 2019"]
[Site "Mumbai"]
[Date "2020.01.03"]
[Round "5.23"]
[White "Sundararajan, Kidambi"]
[Black "Thakur, Akash"]
[Result "1-0"]
[ECO "A06"]
[WhiteElo "2414"]
[BlackElo "2300"]
[Annotator "ChessBase"]
[PlyCount "83"]
[EventDate "2019.12.30"]
[EventType "swiss"]
[EventCountry "IND"]
[SourceTitle "playchess.com"]
[Source "ChessBase"]
[SourceQuality "1"]
[TimeControl "40/5400+30:1800+30"]

1. Nf3 d5 2. g3 Nf6 3. Bg2 e6 4. O-O Be7 5. c4 O-O 6. b3 c5 7. cxd5 Nxd5 8. Bb2 Nc6 9. Nc3 Nxc3 10. dxc3 Qc7 11. Qc2 b6 12. Bc1 Bb7 13. Bf4 Bd6 14. Ng5 g6 15. Bxd6 Qxd6 16. h4 Rad8 17. Rad1 Qe7 18. Qc1 f6 19. Ne4 Kg7 20. Qe3 Rxd1 21. Rxd1 Rd8 22. Rxd8 Nxd8 23. f4 f5 24. Ng5 Bxg2 25. Kxg2 h6 26. Nf3 Nf7 27. b4 Qd6 28. bxc5 bxc5 29. c4 Kf6 30. Qa3 a6 31. Qe3 Qc7 32. Ne1 Qa5 33. Kf1 Qb4 34. Nd3 Qxc4 35. Nxc5 g5 36. hxg5+ hxg5 37. fxg5+ Kg6 38. Nxe6 Qxa2 39. Nf4+ Kxg5 40. Qe7+ Kh6 41. Qf6+ Kh7 42. Nh5 1-0

[Event "5th EKA IIFL Investment 2019"]
[Site "Mumbai"]
[Date "2020.01.03"]
[Round "5.24"]
[White "Manish Anto Cristiano F"]
[Black "Zysk, Robert"]
[Result "1-0"]
[ECO "B06"]
[WhiteElo "2280"]
[BlackElo "2403"]
[Annotator "ChessBase"]
[PlyCount "135"]
[EventDate "2019.12.30"]
[EventType "swiss"]
[EventCountry "IND"]
[SourceTitle "playchess.com"]
[Source "ChessBase"]
[SourceQuality "1"]
[TimeControl "40/5400+30:1800+30"]

1. e4 g6 2. d4 Bg7 3. Be3 d6 4. Nc3 b6 5. Qd2 Bb7 6. O-O-O Nd7 7. h4 h6 8. h5 g5 9. f4 gxf4 10. Bxf4 a6 11. Rh3 e6 12. Rg3 Bf8 13. e5 d5 14. Bd3 c5 15. dxc5 Nxc5 16. Nf3 Ne7 17. Nd4 Nc6 18. Be2 Nxd4 19. Qxd4 Qc7 20. Kb1 b5 21. a3 Nd7 22. b4 Qb6 23. Be3 Qxd4 24. Bxd4 Nb8 25. a4 bxa4 26. Nxa4 Nd7 27. b5 Be7 28. Nb6 Nxb6 29. Bxb6 Bg5 30. Rf1 axb5 31. Bxb5+ Kf8 32. Bc5+ Be7 33. Bxe7+ Kxe7 34. Rg7 Rhf8 35. Rf6 Ba6 36. Bxa6 Rxa6 37. Rxh6 Ra4 38. Rf6 Re4 39. h6 Rxe5 40. Rf1 Rh5 41. h7 Rh2 42. g4 d4 43. g5 d3 44. cxd3 Rb8+ 45. Kc1 Rc8+ 46. Kd1 Kd6 47. Rgxf7 Rcc2 48. Rh1 Rcd2+ 49. Ke1 Rde2+ 50. Kf1 Ref2+ 51. Rxf2 Rxh1+ 52. Kg2 Rxh7 53. Kg3 e5 54. Kg4 Ke6 55. g6 Rh1 56. Rf3 Rg1+ 57. Kh5 Rh1+ 58. Kg5 Rg1+ 59. Kh6 Rh1+ 60. Kg7 Ke7 61. Kg8 Rh6 62. g7 Rh5 63. Rf7+ Ke8 64. Ra7 Rh3 65. Ra5 Ke7 66. Rxe5+ Kf6 67. Re8 Rxd3 68. Kf8 1-0

[Event "5th EKA IIFL Investment 2019"]
[Site "Mumbai"]
[Date "2020.01.03"]
[Round "5.25"]
[White "Moksh Amit Doshi"]
[Black "Navalgund, Niranjan"]
[Result "1-0"]
[ECO "D33"]
[WhiteElo "2399"]
[BlackElo "2231"]
[Annotator "ChessBase"]
[PlyCount "89"]
[EventDate "2019.12.30"]
[EventType "swiss"]
[EventCountry "IND"]
[SourceTitle "playchess.com"]
[Source "ChessBase"]
[SourceQuality "1"]
[TimeControl "40/5400+30:1800+30"]

1. d4 d5 2. c4 e6 3. Nf3 Nf6 4. Nc3 c5 5. cxd5 exd5 6. g3 Nc6 7. Bg2 cxd4 8. Nxd4 Bc5 9. Nb3 Bb6 10. O-O d4 11. Na4 O-O 12. Bg5 Re8 13. Nxb6 axb6 14. Bxc6 bxc6 15. Nxd4 Bh3 16. Re1 h6 17. Be3 Rxe3 18. fxe3 Qe8 19. Qb3 Ng4 20. Rac1 c5 21. Nf3 Rxa2 22. Rc3 Ra6 23. Rd1 Qa8 24. Rcd3 Ra1 25. Rxa1 Qxa1+ 26. Rd1 Qa5 27. Qd5 Nxe3 28. Qd8+ Kh7 29. Qd3+ Nf5 30. Qe4 g6 31. Qe8 Qa2 32. Kf2 Ng7 33. Qf8 g5 34. Ne5 Qxb2 35. Qb8 f6 36. Nc4 Qb3 37. Ne3 c4 38. Rd6 Qb1 39. Rxf6 g4 40. Qf4 Qh1 41. Rxh6+ Kg8 42. Qxc4+ Kf8 43. Rf6+ Ke7 44. Qf7+ Kd8 45. Qxg7 1-0

[Event "5th EKA IIFL Investment 2019"]
[Site "Mumbai"]
[Date "2020.01.03"]
[Round "5.26"]
[White "Mithil, Ajgaonkar"]
[Black "Rajesh, V A V"]
[Result "0-1"]
[ECO "D76"]
[WhiteElo "2278"]
[BlackElo "2393"]
[Annotator "ChessBase"]
[PlyCount "114"]
[EventDate "2019.12.30"]
[EventType "swiss"]
[EventCountry "IND"]
[SourceTitle "playchess.com"]
[Source "ChessBase"]
[SourceQuality "1"]
[TimeControl "40/5400+30:1800+30"]

1. d4 Nf6 2. Nf3 g6 3. c4 Bg7 4. g3 O-O 5. Bg2 d5 6. cxd5 Nxd5 7. O-O Nb6 8. Nc3 Nc6 9. e3 Re8 10. d5 Na5 11. Nd4 Bd7 12. Re1 c5 13. Nb3 Na4 14. Nxa4 Bxa4 15. Bd2 Nc4 16. Bc3 Bxc3 17. bxc3 Qb6 18. Qe2 Bb5 19. Nd2 Nxd2 20. Qxd2 Rad8 21. Rab1 Qa5 22. Qb2 Ba6 23. Rbd1 Rd6 24. h4 Rb6 25. Qc2 Bc4 26. Qe4 Qa4 27. h5 Bb5 28. Qe5 Bd7 29. e4 f6 30. Qc7 Rc8 31. Qf4 g5 32. Qe3 Bg4 33. Rd2 e5 34. f4 h6 35. fxe5 fxe5 36. Rf1 Qd7 37. Rdf2 Bxh5 38. Rf5 Qe7 39. Bh3 Re8 40. c4 Ra6 41. a3 Kg7 42. Kh2 Rb6 43. R5f2 g4 44. Qe2 Rg6 45. Rf5 Qh4 46. Qd3 Qxh3+ 47. Kg1 Rg5 48. R5f2 Bg6 49. Rh2 Bxe4 50. Qxe4 Qxg3+ 51. Rg2 Qc3 52. Rd1 Qf3 53. Qe1 g3 54. d6 Rf8 55. Rdd2 Qf2+ 56. Qxf2 gxf2+ 57. Rdxf2 Rxf2 0-1

[Event "5th EKA IIFL Investment 2019"]
[Site "Mumbai"]
[Date "2020.01.03"]
[Round "5.27"]
[White "Manik, Mikulas"]
[Black "Nitish, Belurkar"]
[Result "1/2-1/2"]
[ECO "C11"]
[WhiteElo "2379"]
[BlackElo "2294"]
[Annotator "ChessBase"]
[PlyCount "101"]
[EventDate "2019.12.30"]
[EventType "swiss"]
[EventCountry "IND"]
[SourceTitle "playchess.com"]
[Source "ChessBase"]
[SourceQuality "1"]
[TimeControl "40/5400+30:1800+30"]

1. e4 e6 2. d4 d5 3. Nc3 Nf6 4. e5 Nfd7 5. f4 c5 6. Nf3 Nc6 7. Be3 a6 8. Qd2 b5 9. dxc5 Bxc5 10. Bd3 Qb6 11. Bf2 Bb7 12. O-O Rc8 13. Kh1 Bxf2 14. Rxf2 Nc5 15. Raf1 b4 16. Nd1 Ne7 17. Nd4 Nxd3 18. Qxd3 a5 19. Re1 Ba6 20. Qd2 Nc6 21. Nxc6 Rxc6 22. f5 d4 23. fxe6 Rxe6 24. Rf4 O-O 25. Rxd4 Rfe8 26. h3 h6 27. Qf4 Qc7 28. Kh2 f6 29. Qg3 Rxe5 30. Nf2 R8e7 31. Ne4 R5e6 32. Qxc7 Rxc7 33. Rd8+ Kh7 34. Ng5+ hxg5 35. Rxe6 Bc4 36. Ree8 Bxa2 37. Rc8 Rd7 38. Red8 Re7 39. Rd2 Bf7 40. Rc5 a4 41. Ra5 Be8 42. Kg3 Re1 43. Ra8 Bc6 44. Ra6 Bb5 45. Ra5 Be8 46. Rd8 Bc6 47. Rc8 Be4 48. Kf2 Rb1 49. Rc4 b3 50. Rxe4 bxc2 51. Rc4 1/2-1/2

[Event "5th EKA IIFL Investment 2019"]
[Site "Mumbai"]
[Date "2020.01.03"]
[Round "5.28"]
[White "Konguvel, Ponnuswamy"]
[Black "Subhayan Kundu"]
[Result "0-1"]
[ECO "C11"]
[WhiteElo "2367"]
[BlackElo "2222"]
[Annotator "NA RC"]
[PlyCount "60"]
[EventDate "2019.12.30"]
[EventType "swiss"]
[EventCountry "IND"]
[SourceTitle "playchess.com"]
[Source "ChessBase"]
[SourceQuality "1"]
[TimeControl "40/5400+30:1800+30"]

1. e4 e6 2. d4 d5 3. Nc3 Nf6 4. e5 Nfd7 5. f4 c5 6. Nf3 Nc6 7. Be3 Be7 8. Qd2 O-O 9. dxc5 Qa5 10. O-O-O b6 11. Bb5 Nb4 12. a3 bxc5 13. Kb1 Nb6 14. f5 exf5 15. Bg5 Bxg5 16. Nxg5 d4 17. axb4 Qxb4 18. Nce4 Qxb5 19. Nd6 Qa6 20. Qf4 Nd5 21. Qf3 Be6 22. Nxf5 Rab8 23. Rd3 Nc3+ 24. Kc1 Qa1+ 25. Kd2 Qxh1 26. Ne7+ Kh8 27. bxc3 Rb1 28. Nxf7+ Bxf7 29. Ng6+ hxg6 30. Qh3+ Kg8 0-1

[Event "5th EKA IIFL Investment 2019"]
[Site "Mumbai"]
[Date "2020.01.03"]
[Round "5.29"]
[White "Aleksandrov, Aleksej"]
[Black "Aaryan, Varshney"]
[Result "1-0"]
[ECO "D35"]
[WhiteElo "2592"]
[BlackElo "2269"]
[Annotator "RC"]
[PlyCount "123"]
[EventDate "2019.12.30"]
[EventType "swiss"]
[EventCountry "IND"]
[SourceTitle "playchess.com"]
[Source "ChessBase"]
[SourceQuality "1"]
[TimeControl "40/5400+30:1800+30"]

1. d4 Nf6 2. c4 e6 3. Nc3 d5 4. cxd5 exd5 5. Bg5 Be7 6. e3 c6 7. Bd3 Nbd7 8. Qc2 O-O 9. Nge2 h6 10. Bh4 Re8 11. f3 c5 12. O-O b6 13. Kh1 Bb7 14. Rad1 a6 15. Bf5 cxd4 16. Nxd4 Ne5 17. Rfe1 b5 18. Bh3 g6 19. a3 Qb6 20. Qf2 Rad8 21. Nce2 Nc6 22. Nxc6 Bxc6 23. Nd4 Bb7 24. Rc1 b4 25. Qc2 bxa3 26. bxa3 Bc8 27. Qc6 Qxc6 28. Nxc6 g5 29. Bxc8 gxh4 30. Nxd8 Rxd8 31. Bxa6 Bxa3 32. Rc8 Rxc8 33. Bxc8 Bc5 34. Kg1 Kg7 35. Kf1 Bb6 36. Ke2 d4 37. e4 Nh5 38. Rb1 Bc7 39. Bg4 Nf4+ 40. Kf1 h5 41. Bc8 d3 42. Rd1 Ba5 43. g3 hxg3 44. hxg3 Ne2 45. Kf2 Bb6+ 46. Kg2 h4 47. Rxd3 Nxg3 48. Kh3 Bf2 49. Rd2 Be1 50. Rd1 Bf2 51. Kg4 Kf6 52. Ba6 Kg6 53. Rd6+ Kg7 54. Bc4 Nh1 55. Rd1 Ng3 56. Rd7 Nh1 57. Rxf7+ Kg6 58. f4 Bg3 59. e5 Nf2+ 60. Kf3 h3 61. Kxg3 h2 62. Kxh2 1-0

[Event "5th EKA IIFL Investment 2019"]
[Site "Mumbai"]
[Date "2020.01.03"]
[Round "5.32"]
[White "Rios, Cristhian Camilo"]
[Black "Luong, Phuong Hanh"]
[Result "1-0"]
[ECO "D96"]
[WhiteElo "2505"]
[BlackElo "2256"]
[Annotator "ChessBase"]
[PlyCount "95"]
[EventDate "2019.12.30"]
[EventType "swiss"]
[EventCountry "IND"]
[SourceTitle "playchess.com"]
[Source "ChessBase"]
[SourceQuality "1"]
[TimeControl "40/5400+30:1800+30"]

1. Nf3 Nf6 2. c4 g6 3. Nc3 d5 4. d4 Bg7 5. Qb3 dxc4 6. Qxc4 a6 7. Bf4 c6 8. e4 b5 9. Qb3 O-O 10. h3 a5 11. Qc2 Na6 12. Be2 b4 13. Na4 b3 14. Qxb3 Nxe4 15. a3 c5 16. d5 Nc7 17. Rd1 Nd6 18. Ne5 Bxe5 19. Bxe5 Ba6 20. Nxc5 Bxe2 21. Kxe2 Qc8 22. Rhe1 a4 23. Qd3 Ra5 24. Rc1 Qa8 25. Red1 Rd8 26. Kf1 Nde8 27. d6 Nxd6 28. Qc3 Nce8 29. Qb4 Rb5 30. Qh4 Rc8 31. Bxd6 exd6 32. Nd7 Rxb2 33. Qe7 Ng7 34. Nf6+ Kh8 35. Rxc8+ Qxc8 36. Qxf7 Rb8 37. Qa7 Qc4+ 38. Kg1 Rf8 39. Qe7 Rc8 40. Qxd6 Qf7 41. Qd7 Qf8 42. Rd4 Rb8 43. Qd6 Nf5 44. Qc7 Ne7 45. Rd7 Rb1+ 46. Kh2 Qxf6 47. Rxe7 Qf8 48. Qe5+ 1-0